 Dungeon Crawl Stone Soup version 0.21.1-1-g345015fe64 (webtiles) character file.

48 R3TARD1AN the Caller (level 3, -1/24 HPs)
             Began as a Barachi Summoner on July 29, 2018.
             Slain by a kobold
             ... wielding a +0 dagger
              (3 damage)
             ... on level 2 of the Dungeon.
             The game lasted 00:12:54 (1368 turns).

R3TARD1AN the Caller (Barachi Summoner)             Turns: 1368, Time: 00:12:55

Health: -1/24      AC:  2    Str:  9    XL:     3   Next: 72%
Magic:  5/7        EV: 12    Int: 16    God:
Gold:   36         SH:  0    Dex: 12    Spells: 4/8 levels left

rFire    . . .     SeeInvis .   d - +0 dagger
rCold    . . .     Gourm    .   (no shield)
rNeg     . . .     Faith    .   a - +0 robe
rPois    .         Spirit   .   (no helmet)
rElec    .         Reflect  .   (no cloak)
rCorr    .         Harm     .   (no gloves)
MR       .....                  (no boots)
Stlth    ++........             (no amulet)
HPRegen  0.08/turn              (no ring)
MPRegen  0.10/turn              (no ring)

@: slow
A: +LOS, swims, slowness 1, strong legs 1
a: Hop


You were on level 2 of the Dungeon.
You were hungry.

You visited 1 branch of the dungeon, and saw 2 of its levels.

You collected 36 gold pieces.

Inventory:

Hand Weapons
 d - a +0 dagger (weapon)
Missiles
 e - 5 bolts
 f - 63 stones (quivered)
 m - 24 arrows
Armour
 a - a +0 robe (worn)
 n - a +0 robe
Scrolls
 h - 2 scrolls of teleportation {unknown}
 i - 5 scrolls of identify {unknown}
 k - a scroll of enchant weapon {unknown}
Potions
 j - a potion of flight {unknown}
 l - a potion of invisibility {unknown}
Books
 b - a book of Callings

   Spells                             Type                      Level
   a - Summon Small Mammal            Summoning                    1
   b - Call Imp                       Summoning                    2
   c - Call Canine Familiar           Summoning                    3
   d - Summon Guardian Golem          Hexes/Summoning              3
   e - Summon Lightning Spire         Summoning/Air                4
   f - Summon Ice Beast               Ice/Summoning                4
Comestibles
 c - a ration


   Skills:
 - Level 0.2 Fighting
 + Level 0.1 Short Blades
 * Level 2.5 Dodging
 - Level 1.7 Stealth
 * Level 3.1 Spellcasting
 + Level 5.5 Summonings


You had 4 spell levels left.
You knew the following spells:

 Your Spells              Type           Power        Failure   Level  Hunger
a - Summon Small Mammal   Summ           ###.         1%          1    None
b - Call Canine Familiar  Summ           ###.....     5%          3    ###....


Dungeon Overview and Level Annotations

Branches:
Dungeon (2/15)

Altars:


Innate Abilities, Weirdness & Mutations

Shadows flee at your approach. (+LOS)
You can swim through water.
You cover ground slowly.
You can hop short distances.


Message History

The goblin is moderately wounded.
Your bat completely misses the adder.
Your bat barely misses the adder.
The adder barely misses your hound.
Your hound misses the adder. The goblin closely misses you.
The kobold hits your bat with a dagger.
Your bat dies!
Your bat's corpse disappears in a puff of smoke!
The goblin closely misses your hound. The goblin hits you.
* * * LOW HITPOINT WARNING * * *
The adder barely misses your hound.
You hit the goblin.
You kill the goblin!
Your hound closely misses the adder.
The goblin barely misses you. The adder misses your hound.
Your hound bites the adder.
The adder dies!
Your hound misses the goblin. The goblin closely misses you.
The goblin closely misses your hound.
Your hound barely misses the goblin.
There is a stone staircase leading up here.
You can't go down here!
The kobold hits you with a dagger.
You die...

#.# #.....!...g #.#
##..$....b.g
####.####...........
##.......#†####......
##..........# ....g
#..).....)..# ....
..##......Shg..# ...
.........(.K>..# .<
..###...(.@g..##### .
. ##(..#........#
############.#


You could see an adder, 2 goblins, a kobold and a friendly hound.

Vanquished Creatures
  3 bats
  2 giant cockroaches (D:1)
  2 goblins
  2 hobgoblins (D:1)
  A ball python (D:1)
10 creatures vanquished.

Vanquished Creatures (collateral kills)
  Robin (D:2)
  An adder (D:2)
  An ooze (D:1)
  13 goblins
  5 hobgoblins
  7 jackals (D:1)
  4 kobolds
  6 bats
  A rat (D:1)
39 creatures vanquished.

Grand Total: 49 creatures vanquished

Notes
Turn   | Place    | Note
-------+----------+-------------------------------------------
     0 | D:1      | R3TARD1AN the Barachi Summoner began the quest for the Orb.
     0 | D:1      | Reached XP level 1. HP: 13/13 MP: 3/3
    41 | D:1      | Noticed a wolf
    41 | D:1      | Noticed a wyvern
    41 | D:1      | Noticed a worker ant
    42 | D:1      | Noticed a swamp worm
    42 | D:1      | Noticed a crocodile
   141 | D:1      | Reached skill level 5 in Summonings
   421 | D:1      | Reached XP level 2. HP: 15/19 MP: 1/5
   869 | D:1      | Reached XP level 3. HP: 21/24 MP: 3/6
   876 | D:1      | Learned a level 3 spell: Call Canine Familiar
  1346 | D:2      | Noticed Robin
  1353 | D:2      | Killed Robin
  1365 | D:2      | HP: 1/24 [goblin[Robin] (1)]
  1368 | D:2      | Slain by a kobold

Skill      XL: |  1  2  3 |
---------------+----------+-----
Summonings     | 5 |  5.5
Spellcasting   | 3 |  3.1
Fighting       | |  0.2
Short Blades   | |  0.1
Dodging        | |  2.5
Stealth        | |  1.7

Action                   || total
-------------------------++-------
Melee: Unarmed           ||     6
       Dagger            ||    31
 Cast: Summon Small Mamm ||    58
       Call Canine Famil ||     4
 Stab: Sleeping          ||     1
  Eat: Chunk             ||     2
Armor: Robe              ||    16
Dodge: Dodged            ||    57
